 Dungeon Crawl Stone Soup version 0.31-a0-182-gc5ef74bbde (webtiles) character file.

Game seed: 12630205538403177398

12374 qw the Cleaver (level 11, -10/71 HPs)
             Began as a Gargoyle Fighter on June 20, 2023.
             Was a Priest of Okawaru.
             Killed from afar by a will-o-the-wisp (12 damage)
             ... with a foxfire
             ... on level 1 of the Abyss.
             The game lasted 00:05:37 (10747 turns).

qw the Cleaver (Gargoyle Fighter)                  Turns: 10747, Time: 00:05:38

Health: -10/71     AC: 28    Str: 25    XL:     11   Next: 92%
Magic:  13/14      EV:  9    Int:  8    God:    Okawaru [***...]
Gold:   771        SH:  6    Dex:  9    Spells: 10/10 levels left

rFire   . . .        Y - +0 war axe (drain)
rCold   . . .        c - +0 buckler
rNeg    + . .        b - +0 plate armour
rPois   inf          g - +1 helmet
rElec   +            k - +0 cloak
rCorr   .            (no gloves)
SInv    .            (no boots)
Will    .....        (no amulet) Stlth
                     (no ring)
HPRegen 0.31/turn    (no ring)
MPRegen 0.14/turn

%: no passive effects
@: about to teleport, heroic
A: sickness immunity, AC +8, negative energy resistance 1, electricity
resistance, torment resistance 1, petrification resistance
a: Renounce Religion, Heroism


You were on level 1 of the Abyss.
You worshipped Okawaru.
Okawaru was most pleased with you.
You visited 2 branches of the dungeon, and saw 11 of its levels.
You visited the Abyss 1 time.

You collected 810 gold pieces.
You spent 39 gold pieces at shops.


Innate Abilities, Weirdness & Mutations

You are immune to sickness and miasma.
Your stone body is resilient. (AC +8)
You are immune to poison.
You resist negative energy. (rN+)
You are resistant to electric shocks. (rElec)
You are resistant to unholy torment.
You are immune to petrification.


   Skills:
 + Level 9.6(14.6) Fighting
 - Level 12.0(17.0) Axes
 - Level 3.0(8.0) Throwing
 - Level 9.1(14.1) Armour
 - Level 2.1(7.1) Dodging
 - Level 6.2(11.2) Shields
 - Level 4.1 Invocations


You had 10 spell levels left.
You didn't know any spells.
Your spell library was empty.

Inventory:

Hand Weapons
 l - a +2 war axe of holy wrath
 n - a +8 eveningstar of protection
 Y - a +0 war axe of draining (weapon)
Missiles
 a - 5 boomerangs (quivered)
Armour
 b - a +0 plate armour (worn)
 c - a +0 buckler (worn)
 g - a +1 helmet (worn)
 i - +0 acid dragon scales
 k - a +0 cloak (worn)
Wands
 m - a wand of digging (2)
Scrolls
 e - 3 scrolls of teleportation
 o - 3 scrolls of identify
Potions
 d - 2 potions of might
 f - 4 potions of curing
 h - a potion of enlightenment
 j - a potion of haste
 p - a potion of attraction
 q - a potion of brilliance {unknown}
 r - a potion of resistance
 t - a potion of heal wounds {unknown}
 u - a potion of lignification {unknown}

Dungeon Overview and Level Annotations

Branches:
Dungeon (10/15)            Temple (1/1) D:6            Lair (0/5) D:10
    Orc: D:9-12

Altars:
Ashenzari
Cheibriados
Dithmenos
Elyvilon
Fedhas
Gozag
Hepliaklqana
Kikubaaqudgha
Makhleb
Nemelex Xobeh
Okawaru
Qazlal
Ru
Sif Muna
Trog
Uskayaw
Vehumet
Wu Jian
Xom
Yredelemnul
Zin
The Shining One

Shops:
D:2 !   D:8 *   D:10 *

Annotations:
D:5 3 runed translucent doors, qw's ghost, amateur NaHu
D:7 1 runed translucent door, Crazy Yiuf
D:8 6 transporters
D:10 Psyche


Message History

The will-o-the-wisp engulfs you but does no damage.
10737 ||| INVOKING Heroism.
You gain the combat prowess of a mighty hero.
The Hell Sentinel roars!
You hit the Hell Sentinel.
The Hell Sentinel is lightly wounded.
You slash the Hell Sentinel!
The Hell Sentinel is lightly wounded.
The will-o-the-wisp blinks!
You hit the Hell Sentinel but do no damage.
The Hell Sentinel is lightly wounded.
The Hell Sentinel hits you!! The Hell Sentinel hits you!
You barely miss the Hell Sentinel.
The Hell Sentinel is lightly wounded.
The Hell Sentinel hits you! You block the Hell Sentinel's attack.
10742 ||| READING 4 scrolls of teleportation.
As you read the scroll of teleportation, it crumbles to dust.
You feel strangely unstable.
You feel the power of the Abyss delaying your translocation!
The Hell Sentinel hits you.
The Hell Sentinel hits you but does no damage.
You hit the Hell Sentinel but do no damage.
The Hell Sentinel is lightly wounded.
You hit the Hell Sentinel but do no damage.
The Hell Sentinel is lightly wounded.
The Hell Sentinel hits you but does no damage. x2
You slash the Hell Sentinel!
The Hell Sentinel is lightly wounded.
The will-o-the-wisp gestures.
The will-o-the-wisp conjures some foxfire!
The Hell Sentinel hits you!
The Hell Sentinel hits you but does no damage. 2 foxfires come into view.
You slash the Hell Sentinel!
The Hell Sentinel is moderately wounded.
You hit the Hell Sentinel.
The Hell Sentinel is moderately wounded.
You hit the foxfire. The foxfire hits you!
You die...

. . .#.v ##
## .. # . (
.# . ## .. ##
..#. (#. # #(
## ¤.#...# ..
# ###¤..# ..
#@1v¤# ..
#...v#¤##
#.....#¤.## .
#..._#....
#.#..##.###..
#..#X..# ###.
....##.. #
.#. #. .# ..
. . # ..


You could see a Hell Sentinel and a will-o-the-wisp.

Vanquished Creatures
  A two-headed ogre (D:9)
  A boulder beetle (D:6)
  Urug (D:10)
  Amaemon (D:10)
  Pikel (D:9)
  A cyclops (D:6)
  An orange demon (D:10)
  2 large abominations (Abyss:1)
  A komodo dragon (D:6)
  A kobold demonologist (D:9)
  An unseen horror (Abyss:1)
  Grinder (D:5)
  Prince Ribbit (D:5)
  3 yaks (D:10)
  A wraith (D:10)
  A wyvern (D:10)
  Grum (D:10)
  Menkaure (D:4)
  5 water moccasins
  An acid dragon (D:9)
  5 black bears
  2 sky beasts
  6 orc warriors
  An ogre (D:6)
  3 wolves (D:10)
  A lemure (D:9)
  4 centaurs
  3 phantoms
  4 kobold brigands
  2 bullfrogs
  7 scorpions
  9 wights
  2 small abominations (Abyss:1)
  12 killer bees
  3 jellies
  10 howler monkeys
  2 hounds
  2 iron imps (Abyss:1)
  3 orc priests
  4 iguanas
  Natasha (thrice) (D:2)
  2 sleepcaps
  5 orc wizards
  6 gnolls
  5 adders
  A shadow imp (D:6)
  An ufetubus (Abyss:1)
  2 worms (D:2)
  2 dart slugs
  28 orcs
  8 endoplasms
  3 giant cockroaches
  7 goblins
  6 hobgoblins
  18 kobolds
  6 quokkas
  7 ball pythons
  4 bats
  2 frilled lizards
  9 rats
  A lurking horror (Abyss:1)
238 creatures vanquished.

Vanquished Creatures (others)
  Erolcha (D:9)
1 creature vanquished.

Grand Total: 239 creatures vanquished

Notes
Turn   | Place    | Note
-------+----------+-------------------------------------------
     0 | D:1      | qw the Gargoyle Fighter began the quest for the Orb.
     0 | D:1      | Reached XP level 1. HP: 14/14 MP: 1/1
     0 | D:1      | 0 ||| qw: Version: 0.3-a-9-g12657ce
     0 | D:1      | 0 ||| qw: Game counter: 1364
     0 | D:1      | 0 ||| qw: Always use a shield: true
     0 | D:1      | 0 ||| qw: God list: Okawaru
     0 | D:1      | 0 ||| qw: Allow faded altars: false
     0 | D:1      | 0 ||| qw: Do Orc after D:15 true
     0 | D:1      | 0 ||| qw: Do second Lair branch before Depths: true
     0 | D:1      | 0 ||| qw: Lair rune preference: random
     0 | D:1      | 0 ||| qw: Plans: Normal, Zot:1-4, Slime:5, God:TSO, Crypt,
                  | Tomb, Abyss, Pan, Hells, Win
     0 | D:1      | 0 ||| PLANNING D:1-11
    54 | D:1      | Reached skill level 2 in Axes
   121 | D:1      | Reached XP level 2. HP: 17/19 MP: 2/2
   252 | D:1      | 252 ||| DROPPING +0 club.
   324 | D:1      | Reached skill level 3 in Axes
   425 | D:1      | Reached XP level 3. HP: 23/23 MP: 3/3
   640 | D:1      | 640 ||| READING scroll labelled GUKKUS CYLOSO.
   644 | D:1      | 644 ||| READING scroll labelled ATAITH PYKHOAP.
   645 | D:1      | 645 ||| DRINKING 2 clear potions.
   916 | D:2      | Found Tocipn's Distillery.
   925 | D:2      | 925 ||| SHOPLISTING 3 potions of attraction (117 gold, have
                  | 54).
   925 | D:2      | 925 ||| BUYING potion of curing (39 gold).
   925 | D:2      | Bought a potion of curing for 39 gold pieces
   925 | D:2      | 925 ||| SHOPLISTING potion of curing (39 gold, have 15).
   925 | D:2      | 925 ||| SHOPLISTING potion of haste (130 gold, have 15).
   925 | D:2      | 925 ||| SHOPLISTING potion of heal wounds (65 gold, have
                  | 15).
   925 | D:2      | 925 ||| SHOPLISTING potion of mutation (104 gold, have 15).
  1081 | D:2      | Noticed Natasha
  1087 | D:2      | Killed Natasha
  1088 | D:2      | Reached XP level 4. HP: 18/28 MP: 4/4
  1147 | D:2      | Reached skill level 4 in Axes
  1176 | D:2      | Noticed Natasha
  1184 | D:2      | Killed Natasha
  1261 | D:2      | 1261 ||| Stepping ~*~*~tactically~*~*~ (hiding).
  1486 | D:2      | Noticed Natasha
  1494 | D:2      | Killed Natasha
  1495 | D:2      | Reached XP level 5. HP: 12/32 MP: 5/5
  1807 | D:2      | 1807 ||| UPGRADING to +0 cloak.
  1812 | D:2      | 1812 ||| READING scroll labelled JAWNIF KEYJ.
  1813 | D:2      | 1813 ||| READING scroll labelled DYAROO TU VINN.
  2053 | D:3      | 2053 ||| DROPPING +0 whip.
  2091 | D:3      | Reached skill level 5 in Axes
  2184 | D:3      | 2184 ||| Stepping ~*~*~tactically~*~*~ (hiding).
  2185 | D:3      | 2185 ||| Stepping ~*~*~tactically~*~*~ (hiding).
  2336 | D:3      | 2336 ||| Stepping ~*~*~tactically~*~*~ (hiding).
  2403 | D:3      | 2403 ||| Stepping ~*~*~tactically~*~*~ (stealth).
  2404 | D:3      | 2404 ||| Stepping ~*~*~tactically~*~*~ (stealth).
  2486 | D:3      | 2486 ||| Stepping ~*~*~tactically~*~*~ (stealth).
  2487 | D:3      | 2487 ||| Stepping ~*~*~tactically~*~*~ (stealth).
  2489 | D:3      | 2489 ||| Stepping ~*~*~tactically~*~*~ (hiding).
  2491 | D:3      | 2491 ||| Stepping ~*~*~tactically~*~*~ (hiding).
  2780 | D:3      | 2780 ||| Stepping ~*~*~tactically~*~*~ (stealth).
  2820 | D:3      | Noticed a kobold brigand
  2821 | D:3      | 2821 ||| Stepping ~*~*~tactically~*~*~ (stealth).
  2823 | D:3      | 2823 ||| Stepping ~*~*~tactically~*~*~ (hiding).
  2826 | D:3      | Noticed a kobold brigand
  2835 | D:3      | Killed a kobold brigand
  2836 | D:3      | Reached XP level 6. HP: 13/39 MP: 6/6
  2839 | D:3      | Reached skill level 1 in Dodging
  3011 | D:3      | 3011 ||| READING scroll labelled DOSHECK HIPUQO.
  3012 | D:3      | 3012 ||| READING scroll labelled MYCHEYNTUO QADY.
  3013 | D:3      | 3013 ||| READING scroll labelled SACWUZ VIZINI.
  3084 | D:4      | 3084 ||| STAIRDANCE
  3253 | D:4      | 3253 ||| Stepping ~*~*~tactically~*~*~ (stealth).
  3259 | D:4      | Reached XP level 7. HP: 44/44 MP: 7/7
  3339 | D:4      | 3339 ||| Stepping ~*~*~tactically~*~*~ (stealth).
  3445 | D:4      | Found a basalt altar of Yredelemnul.
  3591 | D:4      | Noticed Menkaure
  3597 | D:4      | HP: 10/44 [Menkaure (10)]
  3598 | D:4      | 3598 ||| READING 3 scrolls of teleportation.
  3889 | D:4      | 3889 ||| Stepping ~*~*~tactically~*~*~ (stealth).
  3891 | D:4      | 3891 ||| Stepping ~*~*~tactically~*~*~ (hiding).
  3895 | D:4      | Killed Menkaure
  3896 | D:4      | Reached skill level 6 in Axes
  4000 | D:4      | 4000 ||| UPGRADING to +0 chain mail.
  4010 | D:4      | 4010 ||| DROPPING +0 scale mail.
  4011 | D:4      | 4011 ||| DROPPING +0 leather armour of cold resistance.
  4012 | D:4      | 4012 ||| DRINKING 2 bubbling black potions.
  4013 | D:4      | 4013 ||| DRINKING 3 potions of curing.
  4013 | D:4      | 4013 ||| (to cure confusion)
  4014 | D:4      | 4014 ||| READING 3 scrolls of identify.
  4014 | D:4      | 4014 ||| IDENTIFYING fizzy ruby potion
  4015 | D:4      | 4015 ||| READING 2 scrolls of identify.
  4015 | D:4      | 4015 ||| IDENTIFYING dark potion
  4016 | D:4      | 4016 ||| DROPPING potion of ambrosia.
  4017 | D:4      | 4017 ||| DROPPING potion of berserk rage.
  4027 | D:5      | Entered Level 5 of the Dungeon
  4099 | D:5      | Reached skill level 7 in Axes
  4145 | D:5      | Noticed a wraith
  4149 | D:5      | Found a runed translucent gate.
  4149 | D:5      | Found a runed translucent gate.
  4150 | D:5      | Found a runed translucent gate.
  4151 | D:5      | Noticed qw's ghost (amateur NaHu)
  4164 | D:5      | Noticed Prince Ribbit
  4183 | D:5      | HP: 3/44 [Prince Ribbit (10)]
  4184 | D:5      | 4184 ||| READING 2 scrolls of teleportation.
  4375 | D:5      | Killed Prince Ribbit
  4376 | D:5      | Reached XP level 8. HP: 39/49 MP: 8/8
  4569 | D:5      | Noticed Grinder
  4575 | D:5      | Paralysed by Grinder for 3 turns
  4587 | D:5      | Paralysed by Grinder for 5 turns
  4592 | D:5      | 4592 ||| STAIRDANCE
  4607 | D:5      | Killed Grinder
  4608 | D:5      | Reached skill level 8 in Axes
  4741 | D:5      | 4741 ||| READING scroll labelled COUCHU ISHREIDU.
  4822 | D:6      | Found a staircase to the Ecumenical Temple.
  4823 | D:6      | 4823 ||| PLANNING TEMPLE
  4929 | D:6      | Reached skill level 6 in Fighting
  4967 | D:6      | Reached XP level 9. HP: 55/55 MP: 9/9
  5082 | D:6      | Reached skill level 9 in Axes
  5120 | D:6      | 5120 ||| Stepping ~*~*~tactically~*~*~ (stealth).
  5454 | D:6      | 5454 ||| UPGRADING to +0 plate armour.
  5464 | D:6      | 5464 ||| DROPPING +0 chain mail.
  5465 | D:6      | 5465 ||| READING scroll labelled VIYCUE LOIMEO.
  5466 | D:6      | 5466 ||| READING 2 scrolls of identify.
  5466 | D:6      | 5466 ||| IDENTIFYING green potion
  5561 | D:7      | 5561 ||| Stepping ~*~*~tactically~*~*~ (hiding).
  6004 | D:7      | 6004 ||| DROPPING +0 flail.
  6019 | D:7      | 6019 ||| DROPPING +0 hand axe.
  6058 | D:7      | 6058 ||| Stepping ~*~*~tactically~*~*~ (stealth).
  6072 | D:7      | Found a runed translucent door.
  6073 | D:7      | Noticed Crazy Yiuf
  6104 | D:7      | 6104 ||| Stepping ~*~*~tactically~*~*~ (stealth).
  6107 | D:7      | 6107 ||| Stepping ~*~*~tactically~*~*~ (stealth).
  6108 | D:7      | 6108 ||| Stepping ~*~*~tactically~*~*~ (stealth).
  6173 | D:7      | 6173 ||| READING scroll labelled MIGA UFOBERI.
  6184 | Temple   | Entered the Ecumenical Temple
  6185 | Temple   | 6185 ||| PLANNING OKAWARU WORSHIP
  6191 | Temple   | Became a worshipper of Warmaster Okawaru
  6192 | Temple   | 6192 ||| PLANNING D:1-11
  6197 | D:6      | 6197 ||| Stepping randomly (stuck).
  6227 | D:7      | Reached skill level 6 in Armour
  6430 | D:6      | Noticed a boulder beetle
  6431 | D:6      | 6431 ||| Stepping ~*~*~tactically~*~*~ (hiding).
  6432 | D:6      | 6432 ||| Stepping ~*~*~tactically~*~*~ (hiding).
  6433 | D:6      | 6433 ||| Stepping ~*~*~tactically~*~*~ (hiding).
  6448 | D:6      | Noticed a komodo dragon
  6456 | D:6      | Noticed a cyclops
  6462 | D:6      | Killed a komodo dragon
  6462 | D:6      | Reached * piety under Okawaru
  6463 | D:6      | Reached skill level 10 in Axes
  6463 | D:6      | Reached XP level 10. HP: 18/63 MP: 10/10
  6463 | D:6      | 6463 ||| INVOKING Heroism.
  6469 | D:6      | Killed a cyclops
  6476 | D:6      | 6476 ||| INVOKING Heroism.
  6480 | D:6      | Killed a boulder beetle
  6481 | D:6      | Reached skill level 3 in Invocations
  6732 | D:6      | 6732 ||| Stepping ~*~*~tactically~*~*~ (hiding).
  6743 | D:6      | 6743 ||| INVOKING Heroism.
  6788 | D:6      | 6788 ||| UPGRADING to +0 helmet.
  7285 | D:8      | Found a transporter.
  7291 | D:8      | Found a transporter.
  7298 | D:8      | 7298 ||| Stepping ~*~*~tactically~*~*~ (hiding).
  7301 | D:8      | 7301 ||| INVOKING Heroism.
  7321 | D:8      | 7321 ||| Stepping ~*~*~tactically~*~*~ (stealth).
  7322 | D:8      | 7322 ||| Stepping ~*~*~tactically~*~*~ (stealth).
  7323 | D:8      | 7323 ||| Stepping ~*~*~tactically~*~*~ (stealth).
  7341 | D:8      | 7341 ||| INVOKING Heroism.
  7348 | D:8      | Found a transporter.
  7363 | D:8      | 7363 ||| INVOKING Heroism.
  7508 | D:8      | Found an opulent altar of Gozag.
  7508 | D:8      | Found Gozag's Platinum Reserve.
  7521 | D:8      | 7521 ||| SHOPLISTING amulet "Bicaz" {Acrobat Fly rCorr
                  | Dex-2 SInv} (4470 gold, have 657).
  7595 | D:8      | 7595 ||| Stepping ~*~*~tactically~*~*~ (hiding).
  7610 | D:8      | 7610 ||| DROPPING +1 flail of freezing.
  7691 | D:8      | Found a transporter.
  7749 | D:8      | 7749 ||| READING scroll of enchant armour.
  7749 | D:8      | 7749 ||| ENCHANTING +0 helmet.
  7955 | D:8      | Found a transporter.
  7958 | D:8      | Found a transporter.
  7999 | D:8      | 7999 ||| Stepping ~*~*~tactically~*~*~ (stealth).
  8017 | D:8      | 8017 ||| INVOKING Heroism.
  8260 | D:8      | 8260 ||| READING scroll labelled LUMUMUTS RAID.
  8415 | D:9      | Noticed a kobold demonologist
  8417 | D:9      | 8417 ||| FLEEEEING.
  8418 | D:9      | 8418 ||| FLEEEEING.
  8420 | D:9      | 8420 ||| FLEEEEING.
  8429 | D:9      | Killed a kobold demonologist
  8429 | D:9      | Reached ** piety under Okawaru
  8430 | D:9      | Reached skill level 11 in Axes
  8501 | D:9      | Reached XP level 11. HP: 65/68 MP: 14/14
  8718 | D:9      | Found a bloodstained altar of Trog.
  8720 | D:9      | 8720 ||| INVOKING Heroism.
  8849 | D:9      | 8849 ||| Stepping ~*~*~tactically~*~*~ (stealth).
  8855 | D:9      | Noticed Erolcha
  8856 | D:9      | 8856 ||| INVOKING Heroism.
  8861 | D:9      | Noticed a two-headed ogre
  8865 | D:9      | Killed Erolcha
  8866 | D:9      | Reached skill level 9 in Fighting
  8870 | D:9      | HP: 15/71 [two-headed ogre/+0 giant club (11)]
  8871 | D:9      | 8871 ||| READING 6 scrolls of teleportation.
  9074 | D:9      | 9074 ||| Stepping ~*~*~tactically~*~*~ (hiding).
  9075 | D:9      | 9075 ||| Stepping ~*~*~tactically~*~*~ (hiding).
  9077 | D:9      | 9077 ||| INVOKING Heroism.
  9081 | D:9      | Killed a two-headed ogre
  9184 | D:9      | Noticed Pikel
  9185 | D:9      | 9185 ||| Stepping ~*~*~tactically~*~*~ (stealth).
  9187 | D:9      | 9187 ||| Stepping ~*~*~tactically~*~*~ (stealth).
  9192 | D:9      | Killed Pikel
  9241 | D:9      | Found a shimmering altar of Xom.
  9241 | D:9      | Found a blossoming altar of Fedhas.
  9455 | D:9      | 9455 ||| READING scroll labelled RUCLEA KECECOA.
  9456 | D:9      | 9456 ||| READING scroll labelled BOVAOT KESH.
  9502 | D:9      | 9502 ||| READING 2 scrolls of identify.
  9502 | D:9      | 9502 ||| IDENTIFYING metallic sapphire potion
  9528 | D:10     | Entered Level 10 of the Dungeon
  9538 | D:10     | 9538 ||| Stepping ~*~*~tactically~*~*~ (stealth).
  9539 | D:10     | 9539 ||| Stepping ~*~*~tactically~*~*~ (stealth).
  9542 | D:10     | 9542 ||| Stepping ~*~*~tactically~*~*~ (stealth).
  9629 | D:10     | 9629 ||| INVOKING Heroism.
  9630 | D:10     | Noticed Urug
  9662 | D:10     | Killed Urug
  9662 | D:10     | Reached *** piety under Okawaru
  9664 | D:10     | 9664 ||| INVOKING Heroism.
  9770 | D:10     | 9770 ||| DROPPING +0 morningstar.
  9790 | D:10     | 9790 ||| INVOKING Heroism.
  9794 | D:10     | Reached skill level 3 in Throwing
  9797 | D:10     | Reached skill level 12 in Axes
  9830 | D:10     | Noticed Grum
  9831 | D:10     | 9831 ||| Stepping ~*~*~tactically~*~*~ (hiding).
  9834 | D:10     | 9834 ||| Stepping ~*~*~tactically~*~*~ (hiding).
  9835 | D:10     | 9835 ||| Stepping ~*~*~tactically~*~*~ (hiding).
  9836 | D:10     | 9836 ||| Stepping ~*~*~tactically~*~*~ (hiding).
  9837 | D:10     | 9837 ||| Stepping ~*~*~tactically~*~*~ (hiding).
  9838 | D:10     | 9838 ||| Stepping ~*~*~tactically~*~*~ (hiding).
  9840 | D:10     | 9840 ||| Stepping ~*~*~tactically~*~*~ (hiding).
  9841 | D:10     | 9841 ||| INVOKING Heroism.
  9852 | D:10     | Killed Grum
  9919 | D:10     | Found a staircase to the Lair.
 10000 | D:10     | Noticed Amaemon
 10001 | D:10     | 10001 ||| INVOKING Heroism.
 10017 | D:10     | Killed Amaemon
 10018 | D:10     | Reached skill level 6 in Shields
 10202 | D:10     | Found Ziklyx's Demolitions Depot.
 10231 | D:10     | Noticed Psyche
 10232 | D:10     | 10232 ||| INVOKING Heroism.
 10251 | Abyss:1  | Found a corrupted altar of Lugonu.
 10251 | Abyss:1  | Cast into level 1 of the Abyss (Psyche)
 10417 | Abyss:1  | 10417 ||| Stepping ~*~*~tactically~*~*~ (stealth).
 10418 | Abyss:1  | 10418 ||| Stepping ~*~*~tactically~*~*~ (stealth).
 10427 | Abyss:1  | 10427 ||| INVOKING Heroism.
 10432 | Abyss:1  | Noticed a large abomination
 10437 | Abyss:1  | HP: 15/71 [large abomination (6)]
 10438 | Abyss:1  | 10438 ||| READING 5 scrolls of teleportation.
 10449 | Abyss:1  | HP: 13/71 [large abomination (4)]
 10508 | Abyss:1  | 10508 ||| Stepping ~*~*~tactically~*~*~ (stealth).
 10561 | Abyss:1  | 10561 ||| Stepping ~*~*~tactically~*~*~ (stealth).
 10563 | Abyss:1  | 10563 ||| Stepping ~*~*~tactically~*~*~ (stealth).
 10607 | Abyss:1  | 10607 ||| Stepping ~*~*~tactically~*~*~ (stealth).
 10618 | Abyss:1  | 10618 ||| Stepping ~*~*~tactically~*~*~ (stealth).
 10619 | Abyss:1  | 10619 ||| Stepping ~*~*~tactically~*~*~ (stealth).
 10620 | Abyss:1  | 10620 ||| Stepping ~*~*~tactically~*~*~ (stealth).
 10630 | Abyss:1  | 10630 ||| INVOKING Heroism.
 10643 | Abyss:1  | Reached skill level 9 in Armour
 10645 | Abyss:1  | Noticed a large abomination
 10656 | Abyss:1  | Killed a large abomination
 10678 | Abyss:1  | Noticed a starcursed mass
 10679 | Abyss:1  | 10679 ||| Stepping ~*~*~tactically~*~*~ (stealth).
 10679 | Abyss:1  | Found a corrupted altar of Lugonu.
 10680 | Abyss:1  | 10680 ||| INVOKING Heroism.
 10703 | Abyss:1  | 10703 ||| Stepping ~*~*~tactically~*~*~ (stealth).
 10708 | Abyss:1  | 10708 ||| Stepping ~*~*~tactically~*~*~ (stealth).
 10728 | Abyss:1  | Noticed a will-o-the-wisp
 10729 | Abyss:1  | 10729 ||| Stepping ~*~*~tactically~*~*~ (stealth).
 10736 | Abyss:1  | Noticed a Hell Sentinel
 10737 | Abyss:1  | 10737 ||| INVOKING Heroism.
 10741 | Abyss:1  | HP: 17/71 [Hell Sentinel (12)]
 10742 | Abyss:1  | 10742 ||| READING 4 scrolls of teleportation.
 10745 | Abyss:1  | HP: 2/71 [Hell Sentinel (15)]
 10747 | Abyss:1  | Killed from afar by a will-o-the-wisp

Levels and vault maps discovered:
D:1:      dpeg_arrival_refuge, layout_basic
D:2:      layout_basic, serial_shops, nicolae_shop_pleasant_corner_grove,
          uniq_natasha
D:3:      cheibrodos_thug_alley, layout_loops_ring
D:4:      layout_loops_cross, kennysheep_little_box, st_stairs_8, uniq_menkaure
D:5:      layout_rooms, gammafunk_ghost_split, uniq_grinder, uniq_prince_ribbit1
D:6:      minmay_klotski, layout_basic, minmay_temple_entry_from_below_a,
          chequers_serial_rivers_small_3, lemuel_flame_loot_1
D:7:      layout_basic, minmay_checkerbox, uniq_crazy_yiuf_cottage
D:8:      layout_loops_ring, nicolae_gozag_zags_fifth_avenue,
          serial_nicolae_subway, nicolae_sub_station_stone,
          nicolae_sub_station_metal, nicolae_sub_station_crystal
D:9:      layout_roguey, trog_butcher_becter, gammafunk_temple_overflow_wave,
          kennysheep_doodads, nrook_pool_corridor, hangedman_decor_riveting,
          uniq_erolcha, uniq_pikel
D:10:     layout_small_grid, lair_entry_dummy, nicolae_blasting_shop,
          nicolae_nh_ransacked_shop, uniq_grum, uniq_amaemon, uniq_psyche,
          uniq_urug
Temple:   sentei_temple_godly_chess
Abyss:1:  base:
D:6

Skill      XL: |  1  2  3  4  5  6  7  8  9 10 11 |
---------------+----------------------------------+-----
Axes           | 2 3 4 5 7 8 10 11 12 | 12.0
Fighting       | 4 5 6 7 8 9 |  9.6
Dodging        | 1 2 |  2.1
Throwing       | 2 3 |  3.0
Armour         | 6 7 9 |  9.1
Shields        | 4 5 6 |  6.2
Invocations    | 4 |  4.1

Action                     |  1- 3 |  4- 6 |  7- 9 | 10-12 || total
---------------------------+-------+-------+-------+-------++-------
  Melee: War axe           |    81 |   138 |   258 |   444 ||   921
         Unarmed           |       |       |       |     5 ||     5
  Throw: Boomerang         |    12 |    42 |   128 |    50 ||   232
         Javelin           |       |       |       |     8 ||     8
 Invoke: Heroism           |       |       |       |    20 ||    20
    Use: Scroll            |     2 |     5 |     8 |     8 ||    23
         Potion            |     1 |       |     2 |       ||     3
 Armour: Scale mail        |    33 |    77 |    16 |       ||   126
         Chain mail        |       |       |   116 |       ||   116
         Plate armour      |       |       |    51 |   286 ||   337
         Skin              |       |       |       |     5 ||     5
  Dodge: Dodged            |    18 |    61 |   104 |   151 ||   334
  Block: Buckler           |    12 |    20 |    31 |   115 ||   178

Table legend:
 A = Non-vault XP
 B = Vault XP
 C = Vault XP percentage of total XP
 D = Non-vault monster count
 E = Vault monster count
 F = Vault count percentage of total count
                 A         B        C        D         E       F
            +---------+---------+-------+---------+---------+-------
      Total |   10192 |    7486 |  42.3 |     186 |      51 |  21.5
            +---------+---------+-------+---------+---------+-------
        D:1 |      44 |       0 |   0.0 |      24 |       0 |   0.0
        D:2 |     100 |      36 |  26.5 |      15 |       1 |   6.2
        D:3 |      88 |     209 |  70.4 |      20 |      11 |  35.5
        D:4 |     220 |     174 |  44.2 |      16 |       2 |  11.1
        D:5 |     853 |     545 |  39.0 |      17 |       2 |  10.5
        D:6 |     817 |    2387 |  74.5 |       8 |      14 |  63.6
        D:7 |     775 |     354 |  31.4 |      14 |       4 |  22.2
        D:8 |    1908 |       0 |   0.0 |      32 |       0 |   0.0
        D:9 |    2103 |    1168 |  35.7 |      14 |       6 |  30.0
       D:10 |    1427 |    2613 |  64.7 |      18 |      11 |  37.9
    Abyss:1 |    1857 |       0 |   0.0 |       8 |       0 |   0.0
            +---------+---------+-------+---------+---------+-------
